 Dungeon Crawl Stone Soup version 0.30-a0-605-gb2882149bf (webtiles) character file.

Game seed: 10059745566896193424

307 karrick the Shield-Bearer (level 6, -4/53 HPs)
             Began as a Gnoll Fighter on Jan 7, 2023.
             Slain by an ogre
             ... wielding a +0 giant spiked club
              (20 damage)
             ... on level 5 of the Dungeon.
             The game lasted 00:05:40 (2635 turns).

karrick the Shield-Bearer (Gnoll Fighter)           Turns: 2635, Time: 00:05:40

Health: -4/53      AC: 10    Str: 16    XL:     6   Next: 40%
Magic:  9/9        EV: 10    Int: 11    God:
Gold:   228        SH: 11    Dex: 16    Spells: 9/9 levels left

rFire   + + .      SeeInvis .    q - +12 dagger of the Verdant God {vamp, *Corrode rPois Dex+3}
rCold   . . .      Faith    .    c - +0 buckler
rNeg    + . .      Spirit   .    z - +1 scale mail of Nyvy {rElec Int+4}
rPois   +          Reflect  +    (no helmet)
rElec   +          Harm     .    (no cloak)
rCorr   .          Rampage  .    o - +0 pair of gloves
Will    .....                    (no boots)
Stlth   +                        r - amulet of Lintesoeh {Reflect rF+ SH+5}
HPRegen 0.28/turn                n - ring of positive energy
MPRegen 0.11/turn                w - ring of protection from fire

@: no status effects
A: fangs 1, strong nose, distributed training
a: no special abilities


You were on level 5 of the Dungeon.
You visited 1 branch of the dungeon, and saw 5 of its levels.

You collected 228 gold pieces.

Inventory:

Hand Weapons
 a - a +0 war axe
 q - the +12 dagger of the Verdant God (weapon) {vamp, *Corrode rPois Dex+3}
   (You found it on level 3 of the Dungeon)

   Dex:       It affects your dexterity (+3).
   rPois:     It protects you from poison.
   *Corrode:  It may corrode you when you take damage.
Armour
 b - a +0 scale mail
 c - a +0 buckler (worn)
 o - a +0 pair of gloves (worn)
 z - the +1 scale mail of Nyvy (worn) {rElec Int+4}
   (You found it on level 5 of the Dungeon)

   Int:       It affects your intelligence (+4).
   rElec:     It insulates you from electricity.
Jewellery
 n - a ring of positive energy (left hand)
 r - the amulet of Lintesoeh (around neck) {Reflect rF+ SH+5}
   (You found it on level 3 of the Dungeon)

   [amulet of reflection]

   It reflects blocked missile attacks.
   rF:        It protects you from fire.
   SH:        It affects your SH (+5).
 u - a ring of protection from cold
 w - a ring of protection from fire (right hand)
Wands
 h - a wand of roots (9)
 t - a wand of polymorph (12)
Scrolls
 e - 2 scrolls of fear {unknown}
 f - 5 scrolls of teleportation {unknown}
 g - a scroll of blinking {unknown}
 i - a scroll of fog {unknown}
 k - a scroll of magic mapping {unknown}
 l - 2 scrolls of noise {unknown}
 m - a scroll of enchant weapon {unknown}
 p - a scroll of enchant armour {unknown}
 v - 3 scrolls of identify {unknown}
 x - a scroll of poison {unknown}
 y - a scroll of brand weapon {unknown}
Potions
 d - 2 potions of might
 j - a potion of degeneration {unknown}
 s - a potion of haste {unknown}
 A - a potion of brilliance {unknown}


   Skills:
 + Level 6.8 Fighting
 + Level 2.0 Short Blades
 + Level 2.0 Long Blades
 + Level 5.0 Axes
 + Level 2.0 Maces & Flails
 + Level 2.0 Polearms
 + Level 2.0 Staves
 + Level 2.0 Ranged Weapons
 + Level 2.0 Throwing
 + Level 6.8 Armour
 + Level 2.0 Dodging
 + Level 2.0 Stealth
 + Level 6.8 Shields
 + Level 2.0 Unarmed Combat
 + Level 2.0 Spellcasting
 + Level 1.6 Conjurations
 + Level 1.6 Hexes
 + Level 1.6 Summonings
 + Level 1.6 Necromancy
 + Level 1.6 Translocations
 + Level 1.6 Transmutations
 + Level 1.6 Fire Magic
 + Level 1.6 Ice Magic
 + Level 1.6 Air Magic
 + Level 1.6 Earth Magic
 + Level 1.6 Poison Magic
 + Level 2.2 Invocations
 + Level 2.0 Evocations


You had 9 spell levels left.
You didn't know any spells.
Your spell library contained the following spells:

 Spells                   Type           Power      Damage    Failure   Level
 Sandblast                Erth           8%         2d5       52%         1
 Passwall                 Tmut/Erth      3%         N/A       65%         2
 Stone Arrow              Conj/Erth      8%         3d7       87%         3


Dungeon Overview and Level Annotations

Branches:
Dungeon (5/15)
 Temple: D:4-7

Altars:
Gozag
Qazlal

Shops:
D:1 (***[   D:5 [


Innate Abilities, Weirdness & Mutations

You have very sharp teeth.
Your uncanny sense of smell can sniff out nearby items.
Your experience applies equally to all skills.


Message History

No target in view!
No target in view!
No target in view!
You now have 193 gold pieces (gained 10).
You pick up a book of Geomancy and begin reading...
You add the spells Sandblast, Passwall and Stone Arrow to your library.
You now have 212 gold pieces (gained 19).
Found 9 stones.
Found an escape hatch in the floor.
A - a lumpy inky potion You now have 228 gold pieces (gained 16).
f - 5 scrolls labelled MUIRUSCH KOMMO (gained 1)
An ogre comes into view. It is wielding a +0 giant spiked club.
The ogre shouts!
Found a stone staircase leading up.
Found a dagger.
You hit the ogre.
The ogre is lightly wounded.
The ogre hits you with a +0 giant spiked club!!
You puncture the ogre!
The ogre is heavily wounded.
You hit the ogre.
You feel better.
The ogre is severely wounded.
The ogre hits you with a +0 giant spiked club!
You are too injured to fight recklessly!
You are too injured to fight recklessly!
You are too injured to fight recklessly!
You are too injured to fight recklessly!
You are too injured to fight recklessly!
You are too injured to fight recklessly!
You are too injured to fight recklessly!
You are too injured to fight recklessly!
You are too injured to fight recklessly!
You are too injured to fight recklessly!
You are too injured to fight recklessly!
You are too injured to fight recklessly!
An ogre is nearby!
You hit the ogre.
The ogre is severely wounded.
The ogre hits you with a +0 giant spiked club!!
You die...

.).........##
.<...........#
..............#
..............#
..............#
...:..........# ####
.............# ##### ##...
.........@O.# #...###....
#........#### #...##.....
#........# #...##.....
#........### #....#.....
#......#...# ##.........
#......#.#.### #.........
.............# ##.........
.............###..........
.............##...........


You could see an ogre.

Vanquished Creatures
  A centaur (D:5)
  A phantom (D:2)
  A jelly (D:5)
  Terence (D:2)
  3 adders
  A white imp (D:3)
  2 dart slugs (D:3)
  2 orcs
  9 ball pythons
  7 bats
  3 endoplasms
  5 giant cockroaches
  3 hobgoblins
  4 quokkas
  4 frilled lizards
  3 goblins
  9 kobolds
  9 rats
68 creatures vanquished.

Notes
Turn   | Place    | Note
-------+----------+-------------------------------------------
     0 | D:1      | karrick the Gnoll Fighter began the quest for the Orb.
     0 | D:1      | Reached XP level 1. HP: 23/23 MP: 1/1
    13 | D:1      | Found Bidoecun's General Store.
   175 | D:1      | Reached XP level 2. HP: 28/29 MP: 2/2
   277 | D:1      | Found Loelas's Weapon Shoppe.
   432 | D:1      | Found Agol's General Store.
   481 | D:1      | Found Ygoozus's Assorted Antiques.
   549 | D:1      | Found Quaf's Antique Armour Boutique.
   889 | D:1      | Reached XP level 3. HP: 35/35 MP: 3/3
   983 | D:2      | Noticed Terence
   999 | D:2      | Killed Terence
  1000 | D:2      | Reached skill level 1 in Short Blades
  1000 | D:2      | Reached skill level 1 in Long Blades
  1000 | D:2      | Reached skill level 1 in Maces & Flails
  1000 | D:2      | Reached skill level 1 in Polearms
  1000 | D:2      | Reached skill level 1 in Staves
  1000 | D:2      | Reached skill level 1 in Ranged Weapons
  1000 | D:2      | Reached skill level 1 in Throwing
  1000 | D:2      | Reached skill level 1 in Dodging
  1000 | D:2      | Reached skill level 1 in Stealth
  1000 | D:2      | Reached skill level 1 in Unarmed Combat
  1000 | D:2      | Reached skill level 1 in Spellcasting
  1000 | D:2      | Reached skill level 1 in Invocations
  1000 | D:2      | Reached skill level 1 in Evocations
  1162 | D:2      | Noticed a phantom
  1173 | D:2      | Killed a phantom
  1174 | D:2      | Reached skill level 1 in Conjurations
  1174 | D:2      | Reached skill level 1 in Hexes
  1174 | D:2      | Reached skill level 1 in Summonings
  1174 | D:2      | Reached skill level 1 in Necromancy
  1174 | D:2      | Reached skill level 1 in Translocations
  1174 | D:2      | Reached skill level 1 in Transmutations
  1174 | D:2      | Reached skill level 1 in Fire Magic
  1174 | D:2      | Reached skill level 1 in Ice Magic
  1174 | D:2      | Reached skill level 1 in Air Magic
  1174 | D:2      | Reached skill level 1 in Earth Magic
  1174 | D:2      | Reached skill level 1 in Poison Magic
  1174 | D:2      | Reached XP level 4. HP: 31/41 MP: 4/6
  1174 | D:2      | Reached XP level 5. HP: 35/47 MP: 4/7
  1678 | D:3      | Found a stormy altar of Qazlal.
  2128 | D:3      | Identified the +12 dagger of the Verdant God {vamp,
                  | *Corrode rPois Dex+3}
  2134 | D:3      | Identified the amulet of Lintesoeh {Reflect rF+ SH+5}
  2337 | D:3      | Found an opulent altar of Gozag.
  2409 | D:4      | Noticed an ogre
  2419 | D:5      | Entered Level 5 of the Dungeon
  2463 | D:5      | Found Toaho's Antique Armour Boutique.
  2486 | D:5      | Identified the +1 scale mail of Nyvy {rElec Int+4}
  2503 | D:5      | Noticed a centaur
  2507 | D:5      | Killed a centaur
  2508 | D:5      | Reached skill level 5 in Axes
  2508 | D:5      | Reached XP level 6. HP: 43/53 MP: 7/9
  2635 | D:5      | Slain by an ogre

Illustrated notes

Levels and vault maps discovered:
D:1:      mrwooster_arrival_statue_3, layout_loops_ring, serial_shops,
          nicolae_shop_waterfront, nicolae_shop_waterfront, shop,
          nicolae_diamond_shop, nicolae_shop_crystal, dk_noncrumbling_3
D:2:      layout_loops_ring, uniq_terence
D:3:      layout_basic, mainiacjoe_overflow_big_doors
D:4:      layout_cave_pools, mainiacjoe_overflow_paths
D:5:      layout_rooms, serial_shops, shop, minmay_circle_x

Skill      XL: |  1  2  3  4  5 |
---------------+----------------+-----
Short Blades   | 1 2 |  2.0
Long Blades    | 1 2 |  2.0
Maces & Flails | 1 2 |  2.0
Polearms       | 1 2 |  2.0
Staves         | 1 2 |  2.0
Ranged Weapons | 1 2 |  2.0
Throwing       | 1 2 |  2.0
Dodging        | 1 2 |  2.0
Stealth        | 1 2 |  2.0
Unarmed Combat | 1 2 |  2.0
Spellcasting   | 1 2 |  2.0
Invocations    | 1 2 |  2.2
Evocations     | 1 2 |  2.0
Conjurations   | 1 |  1.6
Hexes          | 1 |  1.6
Summonings     | 1 |  1.6
Necromancy     | 1 |  1.6
Translocations | 1 |  1.6
Transmutations | 1 |  1.6
Fire Magic     | 1 |  1.6
Ice Magic      | 1 |  1.6
Air Magic      | 1 |  1.6
Earth Magic    | 1 |  1.6
Poison Magic   | 1 |  1.6
Axes           | 5 |  5.0
Fighting       | |  6.8
Armour         | |  6.8
Shields        | |  6.8

Action                   |  1- 3 |  4- 6 || total
-------------------------+-------+-------++-------
Melee: War axe           |    92 |    66 ||   158
       Bite              |     6 |     4 ||    10
       Dagger            |       |    25 ||    25
Armor: Scale mail        |    44 |    37 ||    81
Dodge: Dodged            |    46 |    32 ||    78
Block: Buckler           |    21 |    39 ||    60
       Reflection        |       |     3 ||     3

Table legend: (Time is in decaauts)
 A = Elapsed time spent in this place.
 B = Non-inter-level travel time spent in this place.
 C = Inter-level travel time spent in this place.
 D = Time resting spent in this place.
 E = Time spent auto-exploring this place.
 F = Levels seen in this place.
 G = Mean time per level.
                   A        B        C        D        E       F      G
               +--------+--------+--------+--------+--------+-----+--------+
         Total |   2680 |   2623 |     57 |      0 |   2094 |   5 |  536.0 |
       Dungeon |   2680 |   2623 |     57 |      0 |   2094 |   5 |  536.0 |
               +--------+--------+--------+--------+--------+-----+--------+

Top non-repeatable levels by time:
     D:1: 951 daAuts
     D:2: 734 daAuts
     D:3: 724 daAuts
     D:5: 215 daAuts
     D:4: 54 daAuts
